 Dungeon Crawl Stone Soup version 0.22-a0-825-ga28c36f (webtiles) character file.

249 Amnesiac the Digger (level 5, 0/35 HPs)
             Began as a Mummy Earth Elementalist on July 24, 2018.
             Slain by a jackal (2 damage)
             ... on level 5 of the Dungeon.
             The game lasted 00:03:10 (950 turns).

Amnesiac the Digger (Mummy Earth Elementalist)       Turns: 950, Time: 00:03:10

Health: 0/35       AC:  8    Str: 16    XL:     5   Next: 86%
Magic:  1/12       EV: 10    Int: 15    God:
Gold:   60         SH:  0    Dex:  9    Spells: 3/13 levels left

rFire    x . .     SeeInvis .   d - +0 short sword
rCold    + . .     Gourm    .   (no shield)
rNeg     + + +     Faith    .   f - +2 ring mail {MR+}
rPois    ∞         Spirit   .   h - +0 helmet
rElec    .         Reflect  .   (no cloak)
rCorr    .         Harm     .   (no gloves)
MR       +....                  (no boots)
Stlth    +.........             (no amulet)
HPRegen  0.11/turn              a - -3 ring of dexterity
MPRegen  0.13/turn              e - +4 ring of strength

@: very slightly contaminated
A: no food or potions, fire vulnerability, cold resistance 1, negative energy
resistance 3, torment resistance, unbreathing
a: no special abilities


You were on level 5 of the Dungeon.
You were not hungry.

You visited 1 branch of the dungeon, and saw 5 of its levels.

You collected 60 gold pieces.

Inventory:

Hand Weapons
 d - a +0 short sword (weapon)
Armour
 f - a +2 ring mail of magic resistance (worn)
 h - a +0 helmet (worn)
Jewellery
 a - a -3 ring of dexterity (left hand)
 c - an uncursed ring of see invisible
 e - a +4 ring of strength (right hand)


   Skills:
 - Level 1.5 Dodging
 - Level 1.5 Stealth
 + Level 4.7 Spellcasting
 - Level 0.7 Transmutations
 * Level 4.7 Earth Magic


You had 3 spell levels left.
You knew the following spells:

 Your Spells              Type           Power        Failure   Level  Hunger
a - Sandblast             Erth           ###...       4%          1    N/A
b - Passwall              Tmut/Erth      ##......     16%         2    N/A
c - Stone Arrow           Conj/Erth      ##....       36%         3    N/A
e - Petrify               Tmut/Erth      ##......     71%         4    N/A

Your spell library contained the following spells:

 Spells                   Type           Power        Failure   Level  Hunger
 Lee's Rapid Deconstruct  Erth           ###.......   77%         5    N/A

Dungeon Overview and Level Annotations

Branches:
Dungeon (5/15)
 Temple: D:4-7

Altars:
Fedhas

Annotations:
D:3 Edmund
D:4 Dowan, Duvessa, Grinder


Innate Abilities, Weirdness & Mutations

You do not eat or drink.
Your flesh is vulnerable to fire.
You are immune to poison.
Your flesh is cold resistant. (rC+)
You are immune to negative energy. (rN+++)
You are immune to unholy pain and torment.
You can survive without breathing.


Message History

Press: ? - help, Shift-Dir - straight line, f/p - jackal
Aim: a jackal You don't have any stones to cast with.
You are too injured to fight recklessly!
Casting: Sandblast (safe; 4% risk of failure)
Confirm with . or Enter, or press ? or * to list all spells.
Aiming: Sandblast (safe; 4% risk of failure)
Press: ? - help, Shift-Dir - straight line, f/p - jackal
Aim: a jackal You don't have any stones to cast with.
You are too injured to fight recklessly!
Casting: Sandblast (safe; 4% risk of failure)
Confirm with . or Enter, or press ? or * to list all spells.
Aiming: Sandblast (safe; 4% risk of failure)
Press: ? - help, Shift-Dir - straight line, f/p - jackal
Aim: a jackal You don't have any stones to cast with.
You are too injured to fight recklessly!
You are too injured to fight recklessly!
Unknown command.
Casting: Sandblast (safe; 4% risk of failure)
Confirm with . or Enter, or press ? or * to list all spells.
Aiming: Stone Arrow (slightly dangerous; 36% risk of failure)
Press: ? - help, Shift-Dir - straight line, f/p - jackal
Aim: a jackal You miscast Stone Arrow.
You are very lightly contaminated with residual magic.
You feel a surge of energy from the ground.
The jackal closely misses you.
You barely miss the jackal.
The jackal bites you but does no damage. x2
You hit the jackal.
The jackal is heavily wounded.
The jackal bites you but does no damage.
The jackal bites you.
* * * LOW HITPOINT WARNING * * *
You hit the jackal.
You kill the jackal!
The jackal closely misses you.
You hit the jackal but do no damage.
The jackal is heavily wounded.
The jackal bites you but does no damage.
You aren't carrying any scrolls.
Unknown command.
You can't drink.
Unknown command.
You hit the jackal but do no damage.
The jackal is heavily wounded.
The jackal bites you but does no damage.
The jackal barely misses you.
You hit the jackal.
The jackal is severely wounded.
The jackal bites you.
* * * LOW HITPOINT WARNING * * *
The jackal misses you.
You closely miss the jackal.
The jackal is severely wounded.
The jackal bites you but does no damage.
You hit the jackal.
You kill the jackal!
You closely miss the jackal. The jackal completely misses you.
The jackal bites you but does no damage.
You closely miss the jackal. The jackal bites you.
You die...

#.# ..#### #.#
...... .h#
.#.#..####.# ###
..........h....
..
......c..#.#....
#..............
#...###(#.#
#...@h<[..#
#..###).### #.
.....# # ###.#.#
..#.# #.# # #.#
.#


You could see a jackal.

Vanquished Creatures
  A centaur (D:5)
  2 hounds (D:4)
  An orc wizard (D:4)
  Natasha (D:3)
  A gnoll (D:3)
  3 adders
  A worm (D:3)
  A leopard gecko (D:4)
  2 orcs (D:4)
  A giant cockroach (D:3)
  6 jackals
  A frilled lizard (D:3)
  A kobold (D:2)
  2 rats (D:2)
24 creatures vanquished.

Notes
Turn   | Place    | Note
-------+----------+-------------------------------------------
     0 | D:1      | Amnesiac the Mummy Earth Elementalist began the quest for the Orb.
     0 | D:1      | Reached XP level 1. HP: 13/13 MP: 4/4
    32 | D:2      | Found a blossoming altar of Fedhas.
   168 | D:4      | Reached XP level 2. HP: 15/19 MP: 2/5
   174 | D:4      | Noticed Natasha
   345 | D:3      | Reached XP level 3. HP: 18/24 MP: 2/7
   434 | D:3      | Killed Natasha
   558 | D:3      | Learned a level 2 spell: Passwall
   562 | D:3      | Learned a level 3 spell: Stone Arrow
   565 | D:4      | Reached XP level 4. HP: 30/30 MP: 6/9
   571 | D:4      | Learned a level 4 spell: Petrify
   638 | D:4      | Noticed Edmund
   732 | D:4      | Noticed Grinder
   736 | D:4      | Reached XP level 5. HP: 16/35 MP: 0/11
   752 | D:4      | Paralysed by Grinder for 3 turns
   759 | D:4      | Noticed Dowan
   759 | D:4      | Noticed Duvessa
   924 | D:5      | Entered Level 5 of the Dungeon
   925 | D:5      | Noticed a centaur
   936 | D:5      | Killed a centaur
   946 | D:5      | HP: 1/35 [jackal (2)]
   950 | D:5      | Slain by a jackal

Vault maps used:
D:1:      ebering_trefoil_3fold, minmay_hexomino_p4
D:2:      gammafunk_temple_overflow_forgotten,
          chequers_ecumenical_altar_simple_redux, fedhas_altar_3
D:3:      grunt_temple_overflow_gold_and_silver
D:4:      first_ration, uniq_natasha, uniq_edmund, uniq_grinder, uniq_duvessa
D:5:      lemuel_crystal_altar

Skill      XL: |  1  2  3  4 |
---------------+-------------+-----
Spellcasting   | 3 4 |  4.7
Earth Magic    | 3 4 |  4.7
Dodging        | |  1.5
Stealth        | |  1.5
Transmutations | |  0.7

Action                   |  1- 3 |  4- 6 || total
-------------------------+-------+-------++-------
Melee: Short sword       |    26 |    22 ||    48
 Cast: Sandblast         |    26 |    24 ||    50
       Passwall          |       |     3 ||     3
  Use: Scroll            |     1 |     2 ||     3
Armor: Ring mail         |    32 |    35 ||    67
Dodge: Dodged            |    43 |    44 ||    87

Table legend:
 A = Spawn XP
 B = Non-spawn XP
 C = Spawn XP percentage of total XP
 D = Spawn monster count
 E = Non-spawn monster count
 F = Spawn count percentage of total count
 G = Total turns spent on level
                    A         B        C        D         E        F      G
               +---------+---------+-------+---------+---------+-------+---------
         Total |       0 |     356 |   0.0 |       0 |      24 |   0.0 |   950
               +---------+---------+-------+---------+---------+-------+---------
           D:2 |       0 |       3 |   0.0 |       0 |       3 |   0.0 |    78
           D:3 |       0 |      73 |   0.0 |       0 |       8 |   0.0 |   448
           D:4 |       0 |     164 |   0.0 |       0 |       9 |   0.0 |   368
           D:5 |       0 |     116 |   0.0 |       0 |       4 |   0.0 |    26
               +---------+---------+-------+---------+---------+-------+---------
